AoeStats
← Dieguin

Arabia

504722185Analyzed
1v1 RM · 27d ago on Sep 6, 2026· 61m 35s· 2 players
Game mode
Random Map
Map size
Tiny (2 player)
Population
200
Speed
Normal
Resources
Standard
Victory
Conquest
Starting age
Dark Age
Ending age
Imperial Age
RankedLock teamsTeams togetherTeam positionsShared explorationLock speedFull tech treeHidden civsTurbo modeCheats
Victory
Defeat
🇬🇧 Britons · United Kingdom
763
+17
🇨🇴 Persians · Colombia
790
-17
PillowEon
11:04 Feudal Age
11:37 Horse Collar
11:50 Double-Bit Axe
13:56 Fletching
20:37 Castle Age
21:33 Crossbowman
23:02 Wheelbarrow
22:56 Forging
24:22 Crossbowman
31:21 Pikeman
32:55 Bow Saw
34:29 Gambesons
34:38 Gambesons
37:47 Iron Casting
37:46 Heavy Plow
41:22 Ballistics
43:49 Scale Mail Armor
46:58 Imperial Age
45:48 Fortified Wall
47:43 Husbandry
47:04 Cavalier
48:56 Capped Ram
50:55 Yeomen
55:51 Warwolf
63:06 Chemistry
Dieguin
6:48 Loom
9:49 Feudal Age
10:13 Double-Bit Axe
17:17 Scale Barding Armor
19:37 Bloodlines
24:44 Castle Age
24:26 Fletching
24:48 Forging
25:49 Pikeman
32:35 Horse Collar
32:29 Elite Skirmisher
40:26 Wheelbarrow
40:14 Bow Saw
44:31 Imperial Age
46:59 Gold Mining
47:08 Stone Mining
49:04 Chain Barding Armor
49:20 Iron Casting
48:41 Bodkin Arrow
56:45 Husbandry
Connection lost

Rejoining the realm…

Still unreachable

The connection could not be restored.

Session expired

The server has moved on; the page needs a fresh start.